Map: Jagannatha LE

Players

Reynor - Winner!

  • Race: Zerg Zerg

cure

  • Race: Terran Terran

Event: TSL 7

VOD

Have the link to the VOD?

Description

Time

  • Played on: June 26, 2021, 9:01 a.m.
  • Length: 13:02

All games in this series

Show
View Real Time Build Order
Export as new Build Order

Reynor Zerg - Winner!

Build Orders: Pool First, Muta Ling Bane 

Get SALT Encoding   

  12  0:00  Drone  
  13  0:12  Overlord  
  13  0:17  Drone  
  14  0:30  Drone x2  
  16  0:41  Spawning Pool  
  15  0:44  Drone  
  15  0:49  Drone  
  17  1:09  Hatchery  
  16  1:13  Drone  
  17  1:28  Zergling x6  
  17  1:30  Queen  
  22  1:38  Extractor  
  22  1:39  Overlord  
  21  1:50  Drone  
  22  2:01  Drone  
  23  2:06  Queen  
  25  2:11  Drone  
  26  2:21  Drone, Queen  
  29  2:23  Drone  
  30  2:33  Drone x2  
  32  2:40  Overlord  
  32  2:43  Drone x3  
  34  2:47  Drone  
  34  2:50  Metabolic Boost  
  33  2:53  Drone  
  34  3:00  Drone  
  35  3:10  Hatchery  
  35  3:12  Drone  
  35  3:15  Zergling x2  
  35  3:17  Drone  
  37  3:21  Queen  
  37  3:26  Overlord  
  39  3:28  Drone  
  39  3:30  Drone  
  39  3:32  Drone  
  39  3:34  Drone  
  43  3:36  Drone  
  44  3:42  Overlord  
  44  3:46  Baneling Nest  
  44  3:48  Drone x3  
  45  3:53  Zergling x6  
  49  3:59  Queen  
  49  4:01  Zergling x2  
  52  4:03  Zergling x2  
  52  4:05  Drone  
  52  4:07  Drone  
  55  4:19  Overlord  
  55  4:20  Lair  
  55  4:21  Drone x3  
  55  4:22  Extractor  
  55  4:23  Drone  
  55  4:24  Drone  
  58  4:30  Overlord  
  58  4:32  Drone x2  
  58  4:37  Drone x2  
  60  4:39  Drone  
  60  4:41  Overlord  
  60  4:45  Drone x2  
  63  4:49  Queen, Spore Crawler  
  64  4:53  Zergling x4  
  64  4:56  Zergling x4, Spore Crawler  
  64  4:59  Spore Crawler  
  66  5:00  Drone  
  66  5:06  Queen  
  69  5:08  Drone x4  
  69  5:10  Drone  
  69  5:12  Drone  
  75  5:17  Baneling x2  
  75  5:18  Baneling  
  75  5:19  Overseer  
  75  5:20  Drone x3  
  78  5:21  Overlord  
  78  5:23  Drone, Overseer  
  78  5:28  Drone x3  
  81  5:30  Extractor x2, Drone x2  
  81  5:34  Drone x2  
  81  5:35  Drone  
  85  5:38  Drone x2  
  85  5:39  Drone  
  88  5:42  Overlord  
  88  5:44  Drone  
  88  5:49  Spire  
  88  5:55  Overlord  
  88  5:56  Drone  
  90  5:57  Drone  
  90  5:58  Drone  
  90  6:02  Drone x3  
  90  6:03  Extractor  
  90  6:04  Extractor  
  92  6:07  Evolution Chamber, Overlord, Overseer  
  92  6:08  Zergling x2, Evolution Chamber  
  92  6:09  Hatchery  
  90  6:12  Zergling x6  
  90  6:13  Overlord  
  90  6:15  Drone  
  94  6:21  Overlord  
  94  6:25  Centrifical Hooks  
  94  6:27  Drone  
  94  6:30  Spore Crawler  
  92  6:32  Drone  
  92  6:33  Drone  
  92  6:35  Drone, Zerg Ground Armor Level 1, Zerg Melee Weapons Level 1  
  92  6:39  Overlord  
  93  6:41  Drone x2  
  93  6:46  Spore Crawler  
  95  6:47  Zergling x10  
  95  6:50  Overlord  
  95  6:53  Zergling x8  
  103  6:55  Drone x2  
  103  6:56  Drone  
  103  6:58  Overlord  
  103  7:01  Baneling x3  
  106  7:03  Zergling x2  
  106  7:07  Drone  
  108  7:11  Overlord  
  108  7:15  Baneling x3  
  108  7:16  Mutalisk x4  
  108  7:17  Mutalisk  
  108  7:20  Mutalisk  
  120  7:23  Zergling x8  
  120  7:24  Drone  
  120  7:25  Drone x2  
  120  7:28  Mutalisk x2  
  131  7:32  Drone  
  131  7:33  Drone  
  131  7:35  Baneling x4  
  131  7:36  Zergling x2  
  134  7:40  Zergling x2  
  134  7:42  Overlord  
  134  7:44  Zerg Flyer Weapons Level 1  
  135  7:45  Zergling x2  
  135  7:47  Zergling x8  
  139  7:51  Overlord  
  139  7:52  Zergling x4  
  139  7:55  Zergling x4  
  139  7:57  Zergling x4  
  145  7:59  Baneling x8  
  145  8:05  Zergling x8  
  149  8:08  Overlord  
  149  8:09  Zergling x2  
  150  8:14  Zergling x2  
  150  8:17  Baneling x11  
  150  8:18  Zergling x6  
  154  8:21  Hatchery  
  154  8:23  Zergling x14  
  154  8:24  Zergling x4  
  162  8:28  Overlord  
  159  8:41  Drone x2  
  159  8:42  Drone, Mutalisk x5  
  159  8:44  Zergling x2  
  173  8:50  Extractor, Zergling x8  
  173  8:51  Zergling x2  
  177  8:56  Zergling x4  
  177  8:57  Zerg Ground Armor Level 2  
  177  9:00  Zergling x14  
  185  9:05  Zergling x2  
  185  9:08  Zergling x4  
  185  9:09  Zerg Melee Weapons Level 2  
  187  9:14  Infestation Pit  
  187  9:16  Zergling x12  
  192  9:20  Zergling x8  
  196  9:28  Zergling x2  
  197  9:31  Baneling x8  
  197  9:32  Zergling x6  
  200  9:39  Baneling x7  
  200  9:44  Overlord  
  199  9:51  Zergling x6  
  199  9:53  Overlord  
  199  9:54  Hive  
  199  10:08  Hatchery  
  199  10:12  Zergling x6  
  196  10:24  Mutalisk x3  
  191  10:33  Zergling x4  
  191  10:34  Zergling x28  
  169  10:41  Zergling x14  
  158  10:45  Baneling x12  
  158  10:49  Zergling x14  
  162  10:52  Baneling x4  
  162  10:53  Baneling x8, Zergling x6  
  162  10:54  Baneling x2  
  162  10:55  Baneling x6  
  163  10:57  Zergling x4  
  163  11:00  Zergling x4  
  163  11:01  Baneling x11  
  163  11:02  Zergling x2  
  168  11:07  Zergling x2  
  168  11:08  Ultralisk Cavern, Zergling x2  
  168  11:09  Zergling x8  
  173  11:13  Zergling x2  
  173  11:15  Zergling x2  
  173  11:16  Zergling x4  
  173  11:21  Baneling x13  
  173  11:25  Zergling x22  
  184  11:33  Zergling x6  
  184  11:37  Drone x5  
  192  11:41  Drone  
  192  11:42  Drone x2  
  192  11:45  Drone x2  
  193  11:47  Drone x3  
  193  11:52  Zergling x6  
  199  11:56  Overlord  
  198  12:18  Zergling x12, Ultralisk  
  198  12:21  Zergling x2, Ultralisk  
  191  12:23  Overlord  
  191  12:24  Zergling x18  
  191  12:25  Zergling x4  
  191  12:27  Zergling x8  
  195  12:31  Zergling x2  
  195  12:34  Zergling x6  
  181  12:38  Zergling x4  
  181  12:40  Zergling x4  
  181  12:42  Zergling x2  
Show
View Real Time Build Order
Export as new Build Order

cure Terran 

Build Orders: Reaper Expand 

Get SALT Encoding   

  12  0:00  SCV  
  13  0:12  SCV  
  14  0:17  Supply Depot  
  14  0:24  SCV  
  15  0:38  SCV  
  15  0:39  Barracks  
  16  0:43  Refinery  
  16  0:50  SCV  
  17  1:03  SCV  
  18  1:15  SCV  
  19  1:26  Reaper  
  19  1:27  Orbital Command  
  20  1:40  Command Center  
  20  1:49  Supply Depot  
  20  1:53  SCV  
  21  1:58  Marine  
  22  2:05  SCV  
  23  2:10  Factory  
  23  2:16  Marine  
  23  2:17  SCV  
  25  2:29  SCV  
  26  2:34  Barracks Reactor  
  26  2:41  SCV  
  26  2:53  SCV, Command Center  
  26  2:56  Hellion  
  29  3:06  SCV  
  29  3:08  Orbital Command  
  30  3:17  Starport  
  30  3:20  SCV  
  30  3:25  Refinery  
  31  3:30  Hellion  
  31  3:33  SCV  
  31  3:34  SCV  
  35  3:37  Barracks Tech Lab  
  35  3:40  Hellion  
  37  3:45  SCV  
  37  3:46  SCV  
  39  3:52  Hellion  
  41  3:58  SCV x2  
  41  4:01  Cloaking Field  
  43  4:06  Banshee  
  43  4:07  Orbital Command  
  46  4:11  SCV x2  
  46  4:16  Hellion  
  50  4:18  Barracks Tech Lab  
  50  4:23  SCV x2  
  52  4:31  Supply Depot  
  52  4:35  SCV x2  
  54  4:43  SCV  
  54  4:44  Marine  
  53  4:47  SCV x2  
  53  4:52  Banshee  
  55  4:53  Factory Reactor  
  55  4:54  Supply Depot  
  55  4:58  Orbital Command, Barracks  
  55  4:59  SCV  
  60  5:00  SCV, Barracks  
  60  5:01  Marine  
  60  5:06  Engineering Bay x2  
  61  5:07  Stimpack  
  61  5:10  Refinery  
  61  5:11  Refinery, SCV  
  61  5:12  SCV  
  63  5:17  Supply Depot  
  63  5:21  Marine  
  64  5:24  SCV x2  
  64  5:27  SCV  
  67  5:35  Terran Infantry Armor Level 1, Terran Infantry Weapons Level 1  
  67  5:36  SCV x2  
  67  5:39  Marine  
  70  5:43  SCV, Starport Reactor  
  70  5:44  Barracks  
  70  5:46  Barracks  
  70  5:48  SCV x2  
  70  5:49  Supply Depot  
  73  5:52  Marine x3  
  73  5:53  Marine  
  73  5:55  Siege Tank  
  73  5:57  Marine  
  80  5:59  SCV  
  80  6:00  SCV x2  
  84  6:10  Marine x2  
  84  6:11  Marine x2  
  87  6:14  SCV x3, Marine  
  87  6:18  Supply Depot x2  
  92  6:25  Supply Depot  
  92  6:27  SCV  
  93  6:36  Barracks Reactor x2  
  93  6:39  SCV x2, Marine x5, Medivac x2, Siege Tank  
  107  6:41  SCV  
  107  6:46  Supply Depot  
  108  6:49  Refinery, Supply Depot  
  108  6:51  SCV x2  
  110  6:57  Marine x5  
  110  7:00  Combat Shield  
  115  7:03  Armory  
  115  7:04  SCV x2  
  118  7:08  SCV  
  118  7:10  Supply Depot  
  118  7:12  Supply Depot  
  118  7:17  Barracks  
  118  7:18  Barracks, Medivac  
  118  7:19  Medivac  
  118  7:21  Barracks  
  118  7:22  Siege Tank  
  125  7:23  Marine x4  
  129  7:31  Missile Turret  
  129  7:34  Barracks, Marine x4, Supply Depot  
  129  7:35  Marine  
  134  7:44  Marine x4, Supply Depot  
  138  7:55  Missile Turret  
  138  7:56  Terran Infantry Armor Level 2, Terran Infantry Weapons Level 2, Missile Turret  
  132  7:58  Missile Turret  
  132  8:00  Marine x3  
  132  8:03  Siege Tank  
  138  8:10  Barracks Reactor x2  
  138  8:11  Missile Turret  
  138  8:16  Marine x4  
  138  8:17  Supply Depot  
  142  8:23  Barracks Reactor  
  139  8:27  Marine x4  
  139  8:33  Marine  
  144  8:34  Marine  
  144  8:35  Siege Tank  
  144  8:40  Marine x2  
  147  8:46  Marine x8  
  147  8:47  Marine  
  156  8:49  Bunker  
  156  8:51  Marine  
  156  8:52  Marine  
  156  8:54  Medivac, Supply Depot  
  156  8:55  Supply Depot  
  160  8:58  Marine x2  
  162  9:04  Marine x3  
  162  9:05  Marine x4  
  168  9:13  Sensor Tower, Marine x4  
  168  9:15  Medivac, Siege Tank  
  177  9:17  Supply Depot  
  177  9:21  Marine x4  
  181  9:26  Marine x3  
  181  9:27  Marine x2  
  186  9:31  Marine x3  
  189  9:38  Marine  
  189  9:43  Marine x4  
  194  9:49  Marine x6  
  196  9:55  Marine, Command Center  
  197  10:06  Marine x3  
  197  10:10  Marine x2  
  197  10:14  Terran Infantry Weapons Level 3, Terran Infantry Armor Level 3  
  197  10:18  Orbital Command  
  197  10:20  Marine x3  
  185  10:31  Marine x2  
  185  10:32  Marine x5  
  185  10:33  Marine x5  
  148  10:37  Medivac  
  148  10:38  Marine x3  
  120  10:49  Marine, Medivac  
  122  10:50  Siege Tank  
  122  10:55  Marine x2  
  122  10:56  Marine x2  
  129  11:08  Marine x4  
  133  11:13  Medivac  
  135  11:19  Medivac  
  135  11:23  Marine x4, Siege Tank  
  141  11:26  SCV x2  
  141  11:28  Marine x2  
  141  11:29  Marine x2  
  147  11:35  Marine x4  
  151  11:41  Missile Turret  
  151  11:42  Missile Turret  
  148  11:47  Missile Turret  
  148  11:48  Planetary Fortress  
  148  11:52  Marine x4, Medivac  
  154  11:56  Medivac  
  156  12:01  Orbital Command, Marine x5  
  156  12:05  Siege Tank  
  164  12:10  Marine x4  
  160  12:16  Marine x2  
  160  12:17  Marine x2  
  160  12:19  Marine  
  160  12:22  Marine x2  
  142  12:31  Marine x2  
  142  12:36  Marine  
  130  12:37  Marine  
Tags
 
Add a new tag
Caveats
  • Supply blocks, unpowered buildings, or Contaminate may cause inaccurate times.
  • Supply counts are checked every 10 seconds.